 Dungeon Crawl Stone Soup version 0.29-a0-472-ge5599a681e (webtiles) character file.

Game seed: 15658814028389077822

71 dabmancer the Magician (level 4, -2/21 HPs)
             Began as a Spriggan Hedge Wizard on May 23, 2022.
             Killed by divine providence
             ... invoked by an orc priest
              (12 damage)
             ... on level 3 of the Dungeon.
             The game lasted 00:09:34 (3207 turns).

dabmancer the Magician (Spriggan Hedge Wizard)      Turns: 3207, Time: 00:09:34

Health: -2/21      AC:  2    Str:  6    XL:     4   Next: 5%
Magic:  2/12       EV: 25    Int: 17    God:
Gold:   116        SH:  0    Dex: 14    Spells: 8/13 levels left

rFire   . . .      SeeInvis +   y - +0 morningstar
rCold   . . .      Faith    .   (no shield)
rNeg    . . .      Spirit   .   g - +0 robe
rPois   .          Reflect  .   c - +0 hat
rElec   .          Harm     .   (no cloak)
rCorr   .          Rampage  .   (gloves unavailable)
Will    .....                   (boots unavailable)
Stlth   ++........              (no amulet)
HPRegen 0.07/turn               p - +4 ring of evasion
MPRegen 0.13/turn               l - +4 ring of evasion

@: very quick
A: very small, no large weapons, unfitting armour, see invisible, speed 3
a: no special abilities


You were on level 3 of the Dungeon.
You visited 1 branch of the dungeon, and saw 3 of its levels.

You collected 116 gold pieces.

Inventory:

Hand Weapons
 a - a +0 dagger
 o - a +0 short sword
 x - a +0 hunting sling
 y - a +0 morningstar (weapon)
Missiles
 e - 4 large rocks
 j - 6 boomerangs
 m - 113 stones
 r - 5 poisoned darts
Armour
 b - a +0 robe
 c - a +0 hat (worn)
 g - a +0 robe (worn)
 w - the +1 ring mail of Impatience {Harm Fly Will- Regen+}
   (You found it on level 3 of the Dungeon)

   Fly:       It grants you flight.
   Regen:     It increases your rate of health regeneration.
   Harm:      It increases damage dealt and taken.
   Will:      It decreases your willpower.
Jewellery
 l - a +4 ring of evasion (right hand)
 p - a +4 ring of evasion (left hand)
Wands
 v - a wand of charming (4)
Scrolls
 f - a scroll of poison {unknown}
 h - a scroll of enchant armour {unknown}
 n - 3 scrolls of teleportation {unknown}
 s - a scroll of identify {unknown}
 t - a scroll of magic mapping {unknown}
 u - a scroll of silence {unknown}
Potions
 d - a potion of magic
 i - 2 potions of brilliance {unknown}
 k - 2 potions of lignification {unknown}
 q - a potion of haste {unknown}


   Skills:
 + Level 3.0 Dodging
 + Level 3.6 Stealth
 + Level 5.1 Spellcasting
 + Level 1.5 Conjurations
 + Level 1.1 Summonings
 + Level 1.5 Translocations


You had 8 spell levels left.
You knew the following spells:

 Your Spells              Type           Power      Damage    Failure   Level
a - Magic Dart            Conj           36%        1d4       8%          1
b - Blink                 Tloc           18%        N/A       12%         2
c - Call Imp              Summ           8%         N/A       14%         2

Your spell library contained the following spells:

 Spells                   Type           Power      Damage    Failure   Level
 Slow                     Hex            16%        N/A       14%         1
 Conjure Flame            Conj/Fire      6%         6-21      30%         3
 Mephitic Cloud           Conj/Pois/Air  6%         N/A       34%         3
 Ignite Poison            Fire/Tmut/Pois 4%         N/A       38%         3
 Freezing Cloud           Conj/Ice/Air   3%         6-21      97%         5


Dungeon Overview and Level Annotations

Branches:
Dungeon (3/15)

Altars:

Annotations:
D:3 Jessica


Innate Abilities, Weirdness & Mutations

You are very small and have problems with some larger weapons.
You are too small for most types of armour.
You have supernaturally acute eyesight. (SInv)
You cover ground extremely quickly. (Speed+++)


Message History

You kill the giant cockroach!
You miscast Magic Dart.
You are very lightly contaminated with residual magic.
Nothing appears to happen.
The worm misses you.
The magic dart hits the worm.
The worm is lightly wounded.
Casting: Magic Dart (safe; 8% risk of failure)
Confirm with . or Enter, or press ? or * to list all spells.
A beastly little devil appears in a puff of flame.
You miscast Magic Dart.
Nothing appears to happen.
Your crimson imp hits the worm but does no damage.
Your crimson imp blinks!
The magic dart hits the worm.
The worm is lightly wounded.
The magic dart hits the worm.
The worm is lightly wounded.
The magic dart hits the worm.
The worm is lightly wounded.
Your magical contamination has completely faded away.
You miscast Magic Dart.
You are very lightly contaminated with residual magic.
Nothing appears to happen.
The magic dart hits the worm.
The worm is moderately wounded.
You are too depleted to draw on your mana recklessly!
You are too depleted to draw on your mana recklessly!
You are too depleted to draw on your mana recklessly!
Your crimson imp closely misses the worm.
Your crimson imp blinks!
Your crimson imp hits the worm.
Your crimson imp disappears in a puff of smoke!
Your magical contamination has completely faded away.
The orc priest shouts!
You hear a shout! x3
The orc priest calls down the wrath of Beogh upon you.
Beogh smites you!
Ouch! That really hurt!
The orc priest invokes the aid of Beogh against you.
Beogh smites you!
Ouch! That really hurt!
You die...

........#.......#.#
#......#
........#.......#.#
#......#
####.#..#.......#.#
#......#
###.#<.#.≈...≈.#.#
####...#
#......#.......#.#
#...#
#......##.....##.#
#####
#......###.⌠.###.#
#.....o.#######..#
#....o#.o......@##
##.<..######w#####
.'†...o...##.####
##....###§......#
#....# #.......#
###### #.......#
#.......# #.#######
#.#


You could see a worm and an orc priest.

Vanquished Creatures
  An adder (D:3)
  2 dart slugs
  2 orcs (D:3)
  9 ball pythons
  3 bats
  2 endoplasms
  4 giant cockroaches
  4 hobgoblins
  2 kobolds
  2 frilled lizards
  5 goblins
  3 rats
39 creatures vanquished.

Vanquished Creatures (collateral kills)
  An adder (D:3)
  An orc (D:3)
  A goblin (D:1)
  A hobgoblin (D:1)
4 creatures vanquished.

Grand Total: 43 creatures vanquished

Notes
Turn   | Place    | Note
-------+----------+-------------------------------------------
     0 | D:1      | dabmancer the Spriggan Hedge Wizard began the quest for the
                  | Orb.
     0 | D:1      | Reached XP level 1. HP: 9/9 MP: 6/6
   586 | D:1      | Reached XP level 2. HP: 13/13 MP: 4/8
   803 | D:1      | Reached skill level 1 in Conjurations
   965 | D:1      | Learned a level 2 spell: Blink
   968 | D:1      | Learned a level 2 spell: Call Imp
  1461 | D:2      | Found a faded altar of an unknown god.
  1482 | D:2      | Reached XP level 3. HP: 16/16 MP: 6/10
  2292 | D:3      | Reached skill level 5 in Spellcasting
  2333 | D:3      | Identified the +1 ring mail of Impatience {Harm Fly Will-
                  | Regen+}
  2342 | D:3      | Noticed Jessica
  2927 | D:3      | Reached skill level 1 in Summonings
  3045 | D:3      | Reached XP level 4. HP: 16/21 MP: 2/12
  3207 | D:3      | Killed from afar by an orc priest

Illustrated notes

Levels and vault maps discovered:
D:1:      dpeg_arrival_boxes_within_box, layout_basic, serial_forest,
          infiniplex_forest_straight_4, infiniplex_forest_lined_room_3,
          infiniplex_forest_fountain, infiniplex_forest_corner_1,
          infiniplex_forest_lined_room_2
D:2:      layout_rooms, hellmonk_ecumenical_altar_zigzags,
          kennysheep_pointless_box
D:3:      cheibrodos_pilgrimage, layout_basic, uniq_jessica

Skill      XL: |  1  2  3 |
---------------+----------+-----
Dodging        | 3 |  3.0
Conjurations   | 1 |  1.5
Spellcasting   | 5 |  5.1
Summonings     | 1 |  1.1
Stealth        | |  3.6
Translocations | |  1.5

Action                   |  1- 3 |  4- 6 || total
-------------------------+-------+-------++-------
Melee: Dagger            |     4 |       ||     4
       Short sword       |     1 |       ||     1
       Morningstar       |       |     6 ||     6
 Cast: Magic Dart        |   105 |    12 ||   117
       Call Imp          |     7 |     1 ||     8
       Blink             |     1 |       ||     1
Dodge: Dodged            |    18 |    10 ||    28

Table legend: (Time is in decaauts)
 A = Elapsed time spent in this place.
 B = Non-inter-level travel time spent in this place.
 C = Inter-level travel time spent in this place.
 D = Time resting spent in this place.
 E = Time spent auto-exploring this place.
 F = Levels seen in this place.
 G = Mean time per level.
                   A        B        C        D        E       F      G
               +--------+--------+--------+--------+--------+-----+--------+
         Total |   2470 |   2395 |     75 |    122 |   1830 |   3 |  823.3 |
       Dungeon |   2470 |   2395 |     75 |    122 |   1830 |   3 |  823.3 |
               +--------+--------+--------+--------+--------+-----+--------+

Top non-repeatable levels by time:
     D:1: 1030 daAuts
     D:3: 759 daAuts
     D:2: 681 daAuts
